 Dungeon Sprint DCSS version 0.21-a0-110-g8e1637b (webtiles) character file.

254 Kidiri the Covert (level 5, 0/27 HPs)
             Began as a Spriggan Enchanter on July 8, 2017.
             Slain by a necrophage (8 damage)
             ... in the Dungeon (Sprint II: "The Violet Keep of Menkaure").
             The game lasted 00:00:42 (70 turns).

Kidiri the Covert (Spriggan Enchanter)                Turns: 70, Time: 00:00:43

Health: 0/27       AC:  2    Str:  4    XL:     5   Next: 91%
Magic:  9/15       EV: 24    Int: 16    God:
Gold:   0          SH:  0    Dex: 18    Spells: 16/17 levels left

rFire    . . .     SeeInvis +   a - +1 dagger
rCold    . . .     Gourm    .   (shield restricted)
rNeg     . . .     Faith    .   b - +0 robe
rPois    .         Spirit   .   (helmet restricted)
rElec    .         Reflect  .   (no cloak)
rCorr    .         Harm     .   (gloves unavailable)
MR       .....     NoTele   +   (boots unavailable)
Stlth    ++++......             (no amulet)
HPRegen  0.09/turn              (no ring)
MPRegen  0.14/turn              (no ring)

@: berserk cooldown, slowed, quick
A: unfitting armour, see invisible, herbivore 3, speed 3, slow metabolism 2
a: no special abilities


You were in the Dungeon.
You were not hungry.

You visited 1 branch

Inventory:

Hand Weapons
 a - a +1 dagger (weapon)
Armour
 b - a +0 robe (worn)
Scrolls
 j - a scroll of blinking
Potions
 g - a potion of haste
 h - 2 potions of magic
Books
 c - a book of Maledictions

   Spells                             Type                      Level
   a - Corona                         Hexes                        1
   b - Ensorcelled Hibernation        Hexes/Ice                    2
   c - Confuse                        Hexes                        3
   d - Tukima's Dance                 Hexes                        3
   e - Dazzling Spray                 Conjuration/Hexes            3
Comestibles
 d - a bread ration


   Skills:
 + Level 2.7 Fighting
 * Level 5.7 Short Blades
 + Level 2.4 Armour
 * Level 8.1 Dodging
 * Level 9.2 Stealth
 * Level 6.7 Spellcasting
 + Level 5.6 Hexes


You had 16 spell levels left.
You knew the following spells:

 Your Spells              Type           Power        Failure   Level  Hunger
a - Corona                Hex            ###....      1%          1    None


Dungeon Overview and Level Annotations

Branches:
Dungeon (1/1)

Altars:


Innate Abilities, Weirdness & Mutations

You are very small and have problems with some larger weapons.
You are too small for most types of armour.
You have supernaturally acute eyesight. (SInv)
You are a herbivore.
You cover ground extremely quickly.
You need consume almost no food.


Message History

The necrophage closely misses you.
Casting: Corona
Confirm with . or Enter, or press ? or * to list all spells.
Aiming: Corona
Press: ? - help, Shift-Dir - straight line, f/p - necrophage
Aim: a necrophage (moderately damaged, chance to defeat MR: 45%)
The necrophage is outlined in light.
The necrophage closely misses you.
You hit the necrophage but do no damage.
The necrophage is moderately damaged.
The necrophage barely misses you.
You hit the necrophage.
The necrophage is heavily damaged.
The necrophage completely misses you.
You hit the necrophage but do no damage.
The necrophage is heavily damaged.
The necrophage misses you.
You hit the necrophage but do no damage.
The necrophage is heavily damaged.
The necrophage hits you!
You die...

## ## ##$ .##
.w w. # .#. #
##. #+# .##
#...##.##.m.#
#$n@<.+$#
#...##.##...#
##. #+# .## #
a#. # a. aa
### ###


You could see a necrophage.

Vanquished Creatures
  3 necrophages (D)
3 creatures vanquished.

Vanquished Creatures (others)
  A crocodile (D)
1 creature vanquished.

Grand Total: 4 creatures vanquished

Notes
Turn   | Place    | Note
-------+----------+-------------------------------------------
     0 | D        | Kidiri the Spriggan Enchanter began the quest for the Orb.
     0 | D        | Reached XP level 1. HP: 9/9 MP: 5/5
     1 | D        | Noticed a worker ant
     1 | D        | Noticed a worker ant
     1 | D        | Noticed a worker ant
     1 | D        | Noticed a worker ant
     4 | D        | Noticed a necrophage
     4 | D        | Noticed a necrophage
     4 | D        | Noticed a necrophage
     4 | D        | Noticed a necrophage
     7 | D        | Noticed a tyrant leech
     7 | D        | Noticed a tyrant leech
    10 | D        | Noticed a merfolk siren
    23 | D        | Killed a necrophage
    23 | D        | Reached skill level 1 in Fighting
    23 | D        | Reached skill level 1 in Armour
    23 | D        | Reached skill level 5 in Dodging
    23 | D        | Reached skill level 7 in Stealth
    23 | D        | Reached skill level 5 in Spellcasting
    23 | D        | Reached XP level 2. HP: 12/15 MP: 6/9
    23 | D        | Reached XP level 3. HP: 15/18 MP: 6/10
    23 | D        | Reached XP level 4. HP: 19/23 MP: 7/12
    28 | D        | Killed a necrophage
    28 | D        | Reached skill level 5 in Short Blades
    28 | D        | Reached skill level 8 in Stealth
    28 | D        | Reached skill level 5 in Hexes
    28 | D        | Reached XP level 5. HP: 15/26 MP: 7/14
    55 | D        | Killed a necrophage
    55 | D        | Reached skill level 9 in Stealth
    61 | D        | Killed a crocodile
    70 | D        | Slain by a necrophage

Vault maps used:
D:        the_violet_keep_of_menkaure

Skill      XL: |  1  2  3  4  5 |
---------------+----------------+-----
Fighting       | 1 2 |  2.7
Short Blades   | 4 5 |  5.7
Armour         | 1 2 |  2.4
Dodging        | 5 7 8 |  8.1
Stealth        | 7 8 9 |  9.2
Spellcasting   | 5 6 |  6.7
Hexes          | 4 5 |  5.6

Action                   |  1- 3 |  4- 6 || total
-------------------------+-------+-------++-------
Melee: Dagger            |     8 |    40 ||    48
 Cast: Corona            |       |     4 ||     4
  Use: Potion            |     1 |     2 ||     3
Armor: Robe              |       |     2 ||     2
Dodge: Dodged            |     3 |    32 ||    35
